 Dungeon Crawl Stone Soup version 0.29.1-1-gd02db6906a (webtiles) character file.

Game seed: 10287956112672492209

713 jimonade the Skirmisher (level 7, -9/38 HPs)
             Began as a Deep Elf Hunter on Sept 17, 2022.
             Was an Initiate of Hepliaklqana.
             Mangled by an orc warrior
             ... wielding a +0 scimitar of flaming
              (16 damage)
             ... on level 7 of the Dungeon.
             The game lasted 00:06:59 (4360 turns).

jimonade the Skirmisher (Deep Elf Hunter)           Turns: 4360, Time: 00:07:00

Health: -9/38      AC:  4    Str:  8    XL:     7   Next: 41%
Magic:  9/9        EV: 12    Int: 14    God:    Hepliaklqana [......]
Gold:   147        SH:  0    Dex: 20    Spells: 6/6 levels left

rFire   . . .      SeeInvis .   b - +8 trident of the Octopus King {venom, rElec rPois}
rCold   . . .      Faith    .   (no shield)
rNeg    + . .      Spirit   .   c - +1 leather armour
rPois   +          Reflect  .   (no helmet)
rElec   +          Harm     .   (no cloak)
rCorr   .          Rampage  .   (no gloves)
Will    +....                   (no boots)
Stlth   ++........              (no amulet)
HPRegen 0.12/turn               s - ring of willpower
MPRegen 0.11/turn               j - ring of positive energy

@: no status effects
A: no striking features
a: Renounce Religion


You were on level 7 of the Dungeon.
You worshipped Hepliaklqana.
Hepliaklqana was noncommittal.
You visited 1 branch of the dungeon, and saw 5 of its levels.

You collected 147 gold pieces.

Inventory:

Hand Weapons
 a - a +0 shortbow
 b - the +8 trident of the Octopus King (weapon) {venom, rElec rPois}
   (You found it on level 3 of the Dungeon)

   It poisons the flesh of those it strikes.
   rElec:     It insulates you from electricity.
   rPois:     It protects you from poison.
 n - a +0 long sword
 t - a +0 sling
 z - a +6 club
 A - a +1 short sword of speed
 B - the +4 long sword of Infinite Pain {vamp, Str+5}
   (You found it on level 7 of the Dungeon)

   It occasionally heals its wielder for a portion of the damage dealt when it
   wounds a living foe.
   Str:       It affects your strength (+5).
Missiles
 h - 6 poisoned darts
 l - 3 boomerangs of dispersal
Armour
 c - a +1 leather armour (worn)
 i - a +0 ring mail
 p - a +0 chain mail
 x - a +0 helmet
Magical Staves
 u - a staff of air
Jewellery
 j - a ring of positive energy (right hand)
 s - a ring of willpower (left hand)
Wands
 y - a wand of mindburst (18)
 C - a wand of flame (3)
Scrolls
 g - a scroll of enchant armour
 m - a scroll of blinking {unknown}
 o - 2 scrolls of identify
 v - a scroll of immolation
Potions
 d - a potion of heal wounds {unknown}
 e - a potion of brilliance {unknown}
 f - 3 potions of curing
 k - a potion of flight {unknown}
 q - a potion of haste {unknown}
 r - a potion of mutation {unknown}
 w - a potion of magic {unknown}


   Skills:
 - Level 1.5 Fighting
 + Level 11.9 Ranged Weapons
 - Level 2.4 Dodging
 - Level 1.2 Stealth


You had 6 spell levels left.
You didn't know any spells.
Your spell library contained the following spells:

 Spells                   Type           Power      Damage    Failure   Level
 Sting                    Tmut/Pois      0%         1d3       38%         1
 Poisonous Vapours        Pois/Air       0%         N/A       54%         2
 Olgreb's Toxic Radiance  Pois           0%         N/A       99%         4
 Summon Forest            Summ/Tloc      0%         N/A       100%        5
 Summon Mana Viper        Hex/Summ       0%         N/A       100%        5
 Summon Cactus Giant      Summ           0%         N/A       100%        6


Dungeon Overview and Level Annotations

Branches:
Dungeon (7/15)
 Temple: D:4-7

Altars:
Dithmenos
Hepliaklqana
Qazlal
Yredelemnul
The Shining One

Annotations:
D:7 exclusion: hornet


Message History

An orc warrior, an orc wizard and an orc come into view.
The orc warrior is wielding a +0 scimitar of flaming.
The +8 trident of the Octopus King {venom, rElec rPois} begins to drip with poison!
b - the +8 trident of the Octopus King (weapon)
{venom, rElec rPois} You reach to attack!
You puncture the orc!
You kill the orc!
The orc warrior shouts!
The orc wizard shouts!
Things that are here:
a +0 dagger; an orc corpse You puncture the orc wizard!
The orc wizard is poisoned.
The orc wizard is heavily wounded.
The orc wizard hits you with a +0 dagger.
You miss the orc wizard.
The orc wizard is severely wounded.
The orc wizard hits you but does no damage.
You barely miss the orc wizard.
The orc wizard is severely wounded.
The orc wizard barely misses you.
You puncture the orc warrior!
The orc warrior is moderately wounded.
The orc wizard mumbles some strange words.
The orc wizard flickers and vanishes!
Deactivating autopickup; reactivate with Ctrl-A.
The orc warrior hits you with a +0 scimitar of flaming!
The orc warrior burns you.
You closely miss the orc warrior.
The orc warrior is moderately wounded.
The orc warrior hits you with a +0 scimitar of flaming.
The orc warrior burns you.
You puncture the orc warrior!
The orc warrior is severely wounded.
The orc warrior misses you.
You completely miss the orc warrior.
The orc warrior is severely wounded.
The orc warrior hits you with a +0 scimitar of flaming!
* * * LOW HITPOINT WARNING * * *
The orc warrior burns you.
* * * LOW HITPOINT WARNING * * *
The orc warrior hits you with a +0 scimitar of flaming!
You die...

####....###....
#....##.....# ...'....#
... ####....###.####
####....# ..
+..########.##### #....#
. #...............
#....# ##.#†#####.#####
#....###########.#..#
#.#
####............$.#.##.#
#.#
.......#########)##.# ..
#.# ###.#.## #@##.# #.#
..# #.#.# #o##.# .# .##
#.#.# #{##.# >. . #.#.#
#.##.# #.#.# #.##.#
#.#.# #.##.# #.#.#
#.##.# #.# #.##.# #.#
#.#


You could see an orc warrior.

Vanquished Creatures
  A water moccasin (D:7)
  A centaur (D:7)
  A bullfrog (D:7)
  3 wights (D:7)
  A hound (D:7)
  A jelly (D:2)
  Ijyb (D:3)
  A hound zombie (D:3)
  3 gnolls (D:3)
  6 adders
  A shadow imp (D:3)
  A white imp (D:3)
  2 adder zombies (D:3)
  4 dart slugs
  2 worms
  3 orcs
  7 bats
  6 endoplasms
  4 giant cockroaches
  11 goblins
  11 hobgoblins
  8 jackals
  7 kobolds
  3 quokkas
  3 ball pythons
  3 frilled lizards
  A goblin zombie (D:3)
  3 hobgoblin zombies (D:3)
  3 kobold skeletons (D:3)
  2 orc skeletons (D:3)
  An orc zombie (D:3)
  A quokka zombie (D:3)
  6 rats
112 creatures vanquished.

Notes
Turn   | Place    | Note
-------+----------+-------------------------------------------
     0 | D:1      | jimonade the Deep Elf Hunter began the quest for the Orb.
     0 | D:1      | Reached XP level 1. HP: 12/12 MP: 3/3
    95 | D:1      | Reached XP level 2. HP: 14/16 MP: 4/4
   131 | D:1      | Reached skill level 6 in Ranged Weapons
   561 | D:1      | Reached XP level 3. HP: 20/20 MP: 5/5
  1252 | D:2      | Reached skill level 7 in Ranged Weapons
  1391 | D:2      | Reached XP level 4. HP: 24/25 MP: 6/6
  1774 | D:2      | Reached skill level 8 in Ranged Weapons
  1854 | D:2      | Reached XP level 5. HP: 29/29 MP: 7/7
  1966 | D:3      | Found the +8 trident of the Octopus King {venom, rElec
                  | rPois}
  2195 | D:3      | Reached skill level 9 in Ranged Weapons
  2289 | D:3      | Found a stormy altar of Qazlal.
  2454 | D:3      | Found a glowing golden altar of the Shining One.
  2620 | D:3      | Found a faded altar of an unknown god.
  2662 | D:3      | Noticed Ijyb
  2672 | D:3      | Killed Ijyb
  2673 | D:3      | Reached XP level 6. HP: 32/34 MP: 8/8
  2710 | D:3      | Found a shadowy altar of Dithmenos.
  2770 | D:3      | Found a basalt altar of Yredelemnul.
  3128 | D:4      | You fall into a shaft and drop 3 floors!
  3128 | D:7      | Found a hazy altar of Hepliaklqana.
  3139 | D:7      | Became a worshipper of Hepliaklqana the Forgotten
  3186 | D:7      | Noticed a hornet
  3209 | D:7      | Reached skill level 10 in Ranged Weapons
  3291 | D:7      | Noticed a water moccasin
  3304 | D:7      | Killed a water moccasin
  3305 | D:7      | Reached skill level 11 in Ranged Weapons
  3305 | D:7      | Reached XP level 7. HP: 6/38 MP: 9/9
  4089 | D:7      | Identified the +4 long sword of Infinite Pain {vamp, Str+5}
  4360 | D:7      | Mangled by an orc warrior

Illustrated notes

Levels and vault maps discovered:
D:1:      dpeg_arrival_morbid_curiosity, layout_basic
D:2:      layout_rooms, columned_hall_lemuel
D:3:      minmay_evil_eye, layout_basic, grunt_dithmenos_smoke_and_mirrors,
          nicolae_tso_besieged_by_evil, nicolae_yredelemnul_corpse_copse,
          grunt_qazlal_clouds, chequers_ecumenical_altar_simple, uniq_ijyb
D:4:      layout_rooms, marbit_many_paths, lemuel_tele_altar, vehumet_statue,
          serial_shops, shop, minmay_misc_feat_secret_circle, uniq_menkaure,
          uniq_eustachio
D:7:      layout_basic, mainiacjoe_overflow_24_doors, nzn_hepliaklqana_mist_gate

Skill      XL: |  1  2  3  4  5  6 |
---------------+-------------------+-----
Ranged Weapons | 6 7 8 9 11 | 11.9
Fighting       | |  1.5
Dodging        | |  2.4
Stealth        | |  1.2

Action                   |  1- 3 |  4- 6 |  7- 9 || total
-------------------------+-------+-------+-------++-------
Melee: Trident           |       |    10 |    20 ||    30
       Punch             |       |       |     2 ||     2
 Fire: Shortbow          |   118 |   173 |     3 ||   294
  Use: Scroll            |       |     4 |       ||     4
Armor: Leather armour    |    22 |    23 |     3 ||    48
Dodge: Dodged            |    52 |    43 |    21 ||   116
